 Dungeon Sprint DCSS version 0.23-a0-635-g88ca12a (webtiles) character file.

1299 Lanoc the Basher (level 8, 0/56 HPs)
             Began as a Gargoyle Monk on Dec 27, 2018.
             Was the Champion of Qazlal.
             Slain by a molten gargoyle
             ... wielding a +0 mace
              (12 damage)
             ... in the Dungeon (Sprint VII: "The Pits").
             The game lasted 00:03:50 (1004 turns).

Lanoc the Basher (Gargoyle Monk)                    Turns: 1004, Time: 00:03:51

Health: 0/56       AC: 19    Str: 17    XL:     8   Next: 56%
Magic:  14/14      EV: 10    Int: 11    God:    Qazlal [******]
Gold:   0          SH:  8    Dex: 12    Spells: 7/7 levels left

rFire    + . .     SeeInvis .   o - +2 mace (crush)
rCold    . . .     Gourm    .   (no shield)
rNeg     + . .     Faith    .   j - +3 chain mail
rPois    ∞         Spirit   .   (no helmet)
rElec    +         Reflect  .   (no cloak)
rCorr    .         Harm     .   (no gloves)
MR       .....     NoTele   +   (no boots)
Stlth    ..........             (no amulet)
HPRegen  0.18/turn              (no ring)
MPRegen  0.14/turn              (no ring)

@: protected from fire, repel missiles
A: negative energy resistance 1, electricity resistance, unbreathing,
petrification resistance, rot immunity, AC +5
a: Upheaval, Elemental Force, Disaster Area, Renounce Religion


You were in the Dungeon.
You worshipped Qazlal.
Qazlal was exalted by your worship.
You were not hungry.

You visited 1 branch

Inventory:

Hand Weapons
 o - a +2 mace of crushing (weapon)
Missiles
 n - 10 stones (quivered)
Armour
 j - a +3 chain mail (worn)
Scrolls
 i - a scroll of blinking
 k - 3 scrolls of remove curse
 l - 5 scrolls of amnesia
 m - a scroll of summoning
Potions
 a - 2 potions of invisibility
 d - 6 potions of curing
 e - 6 potions of heal wounds
 f - a potion of haste
 g - 4 potions of magic
 h - 3 potions of berserk rage
Comestibles
 b - a chunk of flesh
 c - 9 rations


   Skills:
 + Level 8.9 Fighting
 * Level 11.1 Maces & Flails
 + Level 8.2 Armour
 + Level 6.7 Dodging
 - Level 2.1 Stealth
 + Level 8.2 Invocations


You had 7 spell levels left.
You didn't know any spells.
Your spell library was empty.

Dungeon Overview and Level Annotations

Branches:
Dungeon (1/1)

Altars:
Ashenzari
Cheibriados
Dithmenos
Elyvilon
Fedhas
Gozag
Hepliaklqana
Kikubaaqudgha
Makhleb
Nemelex Xobeh
Okawaru
Qazlal
Ru
Sif Muna
Trog
Uskayaw
Vehumet
Wu Jian
Xom
Yredelemnul
Zin
The Shining One
Beogh
Jiyva
Lugonu


Innate Abilities, Weirdness & Mutations

You are resistant to torment.
Your stone body is resilient. (AC +5)
You are immune to poison.
You resist negative energy. (rN+)
You are resistant to electric shocks. (rElec)
You can survive without breathing.
You are immune to petrification.
You are immune to rotting.


Message History

You hit the molten gargoyle.
The molten gargoyle is moderately damaged.
The molten gargoyle sizzles in the rain.
The molten gargoyle closely misses you.
You hit the molten gargoyle but do no damage.
The molten gargoyle is heavily damaged.
You hit the molten gargoyle but do no damage.
The molten gargoyle is heavily damaged.
The molten gargoyle is struck by lightning.
The molten gargoyle sizzles in the rain.
You block the molten gargoyle's attack.
You hit the molten gargoyle but do no damage.
The molten gargoyle is heavily damaged.
The molten gargoyle blasts magma at you!
The bolt of magma hits you! You partially resist.
* * * LOW HITPOINT WARNING * * *
You hit the molten gargoyle but do no damage.
The molten gargoyle is heavily damaged.
The molten gargoyle hits you with a +0 mace!
You die...

#.#..###'####.......#
#.##'#.....##...<...#
#.#........##.......#
#.#........##.......#
#†###########.......#
#)).....#..##########
#.)#.#..#.######
#.##.##.#÷#....#
#.......#@#....#
#.##.##.#)9O...+
#..#.#..#'#....#
#.......(.#....#
################


You could see a molten gargoyle and an ogre.

Vanquished Creatures
  A yaktaur (D)
  Grinder (D)
  A tarantella (D)
  A sky beast (D)
  A black bear (D)
  A necrophage (D)
  A phantom (D)
  A centaur (D)
  A gnoll sergeant (D)
  A scorpion (D)
  An iron imp (D)
  3 worker ants (D)
  4 gnolls (D)
  2 adders (D)
  An adder zombie (D)
  An orc (D)
  A bat zombie (D)
  2 jackals (D)
  A quokka (D)
  A jackal skeleton (D)
27 creatures vanquished.

Notes
Turn   | Place    | Note
-------+----------+-------------------------------------------
     0 | D        | Lanoc the Gargoyle Monk began the quest for the Orb.
     0 | D        | Reached XP level 1. HP: 14/14 MP: 1/1
    18 | D        | Found a bloodstained altar of Trog.
    18 | D        | Found a deep blue altar of Sif Muna.
    18 | D        | Found a viscous altar of Jiyva.
    18 | D        | Found a hazy altar of Hepliaklqana.
    18 | D        | Found an opulent altar of Gozag.
    19 | D        | Found a glowing golden altar of the Shining One.
    19 | D        | Found a glowing silver altar of Zin.
    19 | D        | Found a basalt altar of Yredelemnul.
    19 | D        | Found a shimmering altar of Xom.
    19 | D        | Found an ornate altar of the Wu Jian Council.
    19 | D        | Found a sacrificial altar of Ru.
    19 | D        | Found a stormy altar of Qazlal.
    19 | D        | Found an iron altar of Okawaru.
    19 | D        | Found a sparkling altar of Nemelex Xobeh.
    19 | D        | Found a burning altar of Makhleb.
    19 | D        | Found a blossoming altar of Fedhas.
    19 | D        | Found a white marble altar of Elyvilon.
    19 | D        | Found a shadowy altar of Dithmenos.
    19 | D        | Found a snail-covered altar of Cheibriados.
    21 | D        | Found a radiant altar of Vehumet.
    21 | D        | Found a corrupted altar of Lugonu.
    21 | D        | Found a roughly hewn altar of Beogh.
    22 | D        | Found a hide-covered altar of Uskayaw.
    22 | D        | Found an ancient bone altar of Kikubaaqudgha.
    22 | D        | Found a shattered altar of Ashenzari.
    27 | D        | Became a worshipper of Qazlal Stormbringer
    27 | D        | Reached * piety under Qazlal
    27 | D        | Reached ** piety under Qazlal
    64 | D        | Reached skill level 1 in Armour
    77 | D        | Reached *** piety under Qazlal
    77 | D        | Reached XP level 2. HP: 17/20 MP: 2/2
    82 | D        | Reached skill level 4 in Maces & Flails
    82 | D        | Reached skill level 1 in Invocations
   215 | D        | Reached XP level 3. HP: 10/24 MP: 4/4
   215 | D        | Reached skill level 5 in Maces & Flails
   215 | D        | Reached XP level 4. HP: 13/30 MP: 4/6
   215 | D        | Reached **** piety under Qazlal
   220 | D        | Reached skill level 5 in Fighting
   628 | D        | Noticed a necrophage
   629 | D        | Noticed Grinder
   629 | D        | Noticed a centaur
   633 | D        | Reached skill level 6 in Maces & Flails
   637 | D        | Killed a necrophage
   637 | D        | Reached skill level 7 in Maces & Flails
   637 | D        | Reached XP level 5. HP: 36/36 MP: 6/8
   639 | D        | Noticed a black bear
   644 | D        | Killed a black bear
   644 | D        | Reached ***** piety under Qazlal
   644 | D        | Reached skill level 5 in Armour
   644 | D        | Reached skill level 5 in Invocations
   644 | D        | Reached XP level 6. HP: 34/42 MP: 6/10
   645 | D        | Killed Grinder
   645 | D        | Reached skill level 9 in Maces & Flails
   645 | D        | Reached skill level 5 in Dodging
   645 | D        | Reached XP level 7. HP: 34/48 MP: 6/11
   822 | D        | Reached skill level 10 in Maces & Flails
   854 | D        | Noticed a yaktaur
   866 | D        | Killed a yaktaur
   866 | D        | Reached XP level 8. HP: 41/55 MP: 13/13
   966 | D        | Reached ****** piety under Qazlal
   989 | D        | Noticed a molten gargoyle
   989 | D        | Noticed a tarantella
   995 | D        | Killed a tarantella
   995 | D        | Reached skill level 11 in Maces & Flails
  1004 | D        | Slain by a molten gargoyle

Vault maps used:
D:        pitsprint

Skill      XL: |  1  2  3  4  5  6  7  8 |
---------------+-------------------------+-----
Armour         | 1 2 3 4 5 6 7 8 |  8.2
Fighting       | 4 5 6 7 8 |  8.9
Maces & Flails | 4 5 7 9 10 11 | 11.1
Invocations    | 2 4 5 6 7 8 |  8.2
Dodging        | 3 4 5 6 |  6.7
Stealth        | |  2.1

Action                   |  1- 3 |  4- 6 |  7- 9 || total
-------------------------+-------+-------+-------++-------
Melee: Mace              |    20 |    19 |    82 ||   121
 Stab: Distracted        |     1 |       |       ||     1
       Sleeping          |     1 |       |       ||     1
Armor: Robe              |     7 |     1 |       ||     8
       Chain mail        |       |     6 |    30 ||    36
Dodge: Dodged            |    13 |     9 |    24 ||    46
       Deflected         |       |       |     1 ||     1
Block: Other             |     2 |     3 |    18 ||    23

Table legend:
 A = Non-vault XP
 B = Vault XP
 C = Vault XP percentage of total XP
 D = Non-vault monster count
 E = Vault monster count
 F = Vault count percentage of total count
                 A         B        C        D         E       F
            +---------+---------+-------+---------+---------+-------
      Total |       0 |    1856 | 100.0 |       0 |      27 | 100.0
            +---------+---------+-------+---------+---------+-------
          D |       0 |    1856 | 100.0 |       0 |      27 | 100.0
            +---------+---------+-------+---------+---------+-------
